Unix NetHack Version 3.7.0-88 Work-in-progress - last build Aug 6 2023 13:40:22 (5c9c4c7fffe0d5f0a8b1342c2a36a56ed743986a,branch:master). Game began 2023-08-06 12:53:35, ended 2023-08-06 14:44:05. Arasaka, neutral male gnomish Archeologist ---- ---- --..-- |..| |....-- --..--- ---- |...<.| |.....|---.|.- |.....--|.....--......| |......|--........>...| |..--..--.....h.......- |.----.................. --.| ---.---............ # |..-- --- ---........0 ...| --...| |.............# # - --....| ---...........### # |.....--- |-.........).##*# ----..| -----------[.......(....###-- --..-- --......))...............@q....... |....---....----).................###-..#- |-.......---- --............--.....###-^.| |...------ |........... ....####^.| --.-- --.|....... #-#-*##%.| --- ----.---- #* ####-- --- * # Arasaka the Investigator St:15 Dx:11 Co:18 In:14 Wi:16 Ch:9 Neutral Dlvl:8 $:67 HP:0(70) Pw:42(42) AC:-6 Xp:8/2405 T:9287 Burdened Latest messages: You kill the dwarf! The homunculus bites! You fall into a pit! The homunculus bites! The homunculus bites! You hit the homunculus. The homunculus misses! You miss the homunculus. The homunculus bites! You avoid harm. You miss the homunculus. The homunculus bites! The homunculus bites! You are put to sleep by the homunculus! You wake up. You miss the homunculus. The homunculus misses! The magic-absorbing blade stuns the homunculus! You kill the homunculus! You are still in a pit. You are still in a pit. You crawl to the edge of the pit. You find an anti-magic field. A leocrotta suddenly appears close by! You see here 11 rocks. The leocrotta falls into a pit! The leocrotta climbs out of the pit. You hit the leocrotta! The leocrotta hits! The leocrotta bites! The leocrotta hits! The leocrotta hits! The leocrotta bites! The leocrotta misses! You miss the leocrotta. The leocrotta misses! The leocrotta bites! The leocrotta misses! What do you want to write with? [- agAFLMPTU or ?*] You write in the dust with your fingertip. The leocrotta misses! The leocrotta misses! The leocrotta misses! The leocrotta hits! The leocrotta misses! The leocrotta hits! The leocrotta hits! The leocrotta bites! The leocrotta hits! You die... Inventory: Coins ('$') $ - 67 gold pieces Weapons (')') a - the uncursed rustproof +0 Magicbane (weapon in hand) F - an uncursed +2 bullwhip Armor ('[') V - an uncursed +0 dwarvish iron helm (being worn) x - an uncursed +0 pair of leather gloves (being worn) I - an uncursed +3 pair of iron shoes (being worn) Y - a blessed +0 dwarvish roundshield d - an uncursed +0 oilskin cloak (being worn) X - an uncursed +1 dwarvish mithril-coat (being worn) Comestibles ('%') o - an uncursed partly eaten food ration D - an uncursed lizard corpse named tricebane Potions ('!') O - 5 uncursed potions of booze R - a cursed potion of booze N - an uncursed potion of healing S - an uncursed potion of object detection Q - an uncursed potion of sleeping Wands ('/') A - an uncursed wand of digging (0:7) L - an uncursed wand of speed monster (0:4) Tools ('(') z - an uncursed bag of holding containing 14 items K - an empty uncursed bag of holding G - an empty uncursed sack H - an uncursed brass lantern (lit) B - an uncursed leash j - an uncursed magic whistle e - an uncursed skeleton key Z - an uncursed tin whistle f - an uncursed tinning kit (0:56) P - an uncursed towel s - an uncursed +0 unicorn horn Gems/Stones ('*') M - 4 uncursed amethyst stones U - an uncursed jasper stone T - an uncursed obsidian stone g - an uncursed touchstone Contents of the bag of holding: 3 uncursed food rations an uncursed tripe ration an uncursed scroll of amnesia an uncursed scroll of teleportation an uncursed potion of extra healing an uncursed potion of restore ability an uncursed wand of sleep (0:3) an uncursed agate stone an uncursed amber stone 2 uncursed diamonds 3 uncursed emeralds 5 uncursed rubies an uncursed sapphire an uncursed luckstone Arasaka the Archeologist's attributes: Background: You were an Investigator, a level 8 male gnomish Archeologist. You were neutral, on a mission for Camaxtli who was opposed by Quetzalcoatl (lawful) and Huhetotl (chaotic). You were in the Gnomish Mines, on level 8. You entered the dungeon 9287 turns ago. You had 2405 experience points, 155 more were needed to attain level 9. Basics: You had 0 out of 70 hit points. You had all 42 energy points (spell power). Your armor class was -6. Your wallet contained 67 zorkmids. Autopickup was on for '$"?' plus thrown, with exceptions. Final Characteristics: Your strength was 15 (limit:18/50). Your dexterity was 11 (limit:18). Your constitution was 18 (limit:18). Your intelligence was 14 (limit:19). Your wisdom was 16 (limit:18). Your charisma was 9 (limit:18). Final Status: You were not hungry. You were burdened; movement was slightly slowed. You were wielding a dagger. You had basic skill with dagger. Final Attributes: You were piously aligned. You were magic-protected. You were telepathic. You had automatic searching. You had infravision. You were stealthy. You were guarded. You are dead. Miscellaneous: You disabled loading of bones levels. Total elapsed playing time was 1 hour, 20 minutes and 43 seconds. Major events: Turn 1: Arasaka the neutral male gnomish Archeologist entered the dungeon 342: entered the Gnomish Mines 1261: attained the rank of Field Worker (level 3) 2317: reached Mine Town 4441: attained the rank of Investigator (level 6) 5582: was bestowed with Magicbane by Camaxtli 8115: acquired the Mines' End luckstone 9287: killed by a leocrotta Vanquished creatures: an Olog-hai a golden naga a quantum mechanic a sasquatch a freezing sphere a tengu a cobra an ettin zombie a giant beetle 4 cockatrices 2 wolves a gremlin 2 giant spiders a scorpion 2 owlbears 2 Green-elves a lizard 4 chickatrices a dog a blue jelly a white unicorn a gray unicorn a gnome mummy 2 human zombies a rope golem a bugbear 2 imps 2 rock piercers a pony a yellow light a shrieker 2 gnome leaders a kobold mummy a gray ooze 2 straw golems 15 giant ants 4 floating eyes a kitten 14 dwarves 5 homunculi a kobold leader 6 hill orcs 3 rothes 2 giant bats 4 monkeys 9 iguanas 2 acid blobs 8 coyotes 2 gas spores 10 hobbits 14 manes a large kobold 3 hobgoblins 5 giant rats 3 cave spiders 2 green molds 2 red molds 16 gnomes a garter snake 10 geckos 8 jackals 2 goblins 3 sewer rats 20 grid bugs a bat 10 lichens a kobold zombie 14 newts 252 creatures vanquished. No species were genocided or became extinct. Voluntary challenges: You read items or engraved 22 times. You engraved Elbereth 9 times. You never genocided any monsters. You never polymorphed an object. You never changed form. You used no wishes. Achievements: You entered the Gnomish Mines. You entered a shop. You attained the rank of Field Worker. You entered Minetown. You entered a temple. You attained the rank of Investigator. You completed the Gnomish Mines. The Dungeons of Doom: levels 1 to 5 Level 1: An altar to Camaxtli. Level 2: "s" A general store, a fountain. Stairs down to The Gnomish Mines. Level 3: Level 4: Some fountains. Level 5: The Gnomish Mines: levels 3 to 10 Level 3: Level 4: Level 5: Some shops, a temple, some fountains. Level 6: Level 7: Level 8: <- You were here. Final resting place for you, killed by a leocrotta. Level 9: Level 10: Game over: ---------- / \ / REST \ / IN \ / PEACE \ / \ | Arasaka | | 67 Au | | killed by a | | leocrotta | | | | | | 2023 | *| * * * | * _________)/\\_//(\/(/\)/\//\/|_)_______ Goodbye Arasaka the Archeologist... You died in The Gnomish Mines on dungeon level 8 with 10141 points, and 67 pieces of gold, after 9287 moves. You were level 8 with a maximum of 70 hit points when you died.